 Dungeon Crawl Stone Soup version 0.32-a0-702-gc29ba85809 (webtiles) character file.

Game seed: 10783158281268515525

149 Nattfarinn the Firebug (level 5, 0/38 HPs)
             Began as a Mountain Dwarf Fire Elementalist on Mar 14, 2024.
             Slain by a gnoll
             ... wielding a +0 spear
              (1 damage)
             ... on level 4 of the Dungeon.
             The game lasted 00:03:01 (3662 turns).

Nattfarinn the Firebug (MDFE)                       Turns: 3662, Time: 00:03:02

Health: 0/38       AC:  3    Str: 10    XL:     5   Next: 9%
Magic:  2/9        EV: 10    Int: 18    God:
Gold:   163        SH:  0    Dex: 10    Spells: 8/9 levels left

rFire   . . .        (no weapon)
rCold   . . .        (no shield)
rNeg    . . .        a - +0 robe
rPois   .            (no helmet)
rElec   .            (no cloak)
rCorr   .            f - +0 pair of gloves
SInv    .            (no boots)
Will    .....        (no amulet)
Stlth   ++           (no ring)
HPRegen 0.26/turn    (no ring)
MPRegen 0.11/turn

%: no passive effects
@: about to teleport, studying Armour
A: runic magic, artefact enchanting
a: no special abilities


You were on level 4 of the Dungeon.
You visited 1 branch of the dungeon, and saw 4 of its levels.

You collected 163 gold pieces.

Inventory:

Armour
 a - a +0 robe (worn)
 f - a +0 pair of gloves (worn)
Jewellery
 o - a ring of fire
Scrolls
 h - a scroll of enchant armour {unknown}
 i - 2 scrolls of amnesia
 k - 2 scrolls of identify
 m - a scroll of poison {unknown}
 p - a scroll of immolation {unknown}
 r - 4 scrolls of vulnerability {unknown}
Potions
 b - a potion of magic
 d - 2 potions of curing {unknown}
 e - a potion of berserk rage {unknown}
 g - a potion of haste {unknown}
 j - 2 potions of lignification {unknown}
 n - a potion of mutation {unknown}
 q - a potion of enlightenment {unknown}


   Skills:
 - Level 1.3 Dodging
 - Level 1.4 Stealth
 + Level 2.9 Spellcasting
 - Level 0.8 Conjurations
 * Level 6.1 Fire Magic


You had 8 spell levels left.
You knew the following spells:

 Your Spells              Type           Power      Damage    Failure   Level
a - Foxfire               Conj/Fire      60%        2x1d7     4%          1

Your spell library contained the following spells:

 Spells                   Type           Power      Damage    Failure   Level
 Scorch                   Fire           48%        2d7       1%          2
 Inner Flame              Hex/Fire       13%        N/A       14%         3
 Volatile Blastmotes      Fire/Tloc      26%        2d12      14%         3
 Flame Wave               Conj/Fire      15%        2d7       36%         4


Dungeon Overview and Level Annotations

Branches:
Dungeon (4/15)
 Temple: D:4-7

Altars:
Nemelex Xobeh


Innate Abilities, Weirdness & Mutations

Your spellcasting is much less encumbered by armour.
You can use scrolls of enchantment on lesser artefacts.


Message History

The gnoll is heavily wounded.
You are out of magic!
You are out of magic!
You are out of magic!
Unknown command.
You hit the gnoll but do no damage.
The gnoll is heavily wounded.
The foxfire hits the gnoll but does no damage.
The gnoll is heavily wounded.
The gnoll misses you.
The gnoll hits you from afar with a +0 halberd.
Your foxfire dissipates!
The foxfire hits the gnoll.
The gnoll is heavily wounded.
The gnoll attacks as it pursues you! The gnoll barely misses you.
The gnoll attacks as it pursues you!
The gnoll hits you with a +0 whip of electrocution.
Sorry, you're not good enough to have a special ability.
The gnoll attacks as it pursues you!
The gnoll hits you with a +0 whip of electrocution.
You are electrocuted!
* * * LOW HITPOINT WARNING * * *
As you read the scroll labelled KOFUDA BOIPEAF, it crumbles to dust.
It is a scroll of identify.
i - 2 scrolls of amnesia
As you read the scroll labelled RITHAPH HAATUEDD, it crumbles to dust.
You hear a loud clanging noise!
It was a scroll of noise.
The gnoll hits you with a +0 whip of electrocution.
* * * LOW HITPOINT WARNING * * *
As you read the scroll labelled PEMANE EQOD, it crumbles to dust.
You feel strangely unstable.
It was a scroll of teleportation.
The gnoll closely misses you. The gnoll attacks as it pursues you!
The gnoll misses you.
The gnoll hits you with a +0 whip of electrocution!
* * * LOW HITPOINT WARNING * * *
Unknown command.
The gnoll attacks as it pursues you!
The gnoll hits you from afar with a +0 spear.
You die...

#g####.##.#..# #.#
#........ ##.##
#.#..#..#
##.#.###.......#
#.###g##.# ###.#
##.#.###.. ##.g#
### ##g# #@#
#######.#
#.†.....#
#.####..#
#.####..#
#.##....#
#.##.#.## #......#
####.#############


You could see 3 gnolls.

Vanquished Creatures
  A hound (D:4)
  Jessica (D:2)
  5 adders
  3 ribbon worms
  An orc (D:3)
  5 endoplasms
  2 giant cockroaches
  4 goblins
  2 hobgoblins (D:2)
  4 kobolds
  3 quokkas
  3 ball pythons
  2 bats (D:1)
  A frilled lizard (D:2)
  6 rats
43 creatures vanquished.

Vanquished Creatures (others)
  206 foxfires
206 creatures vanquished.

Grand Total: 249 creatures vanquished

Notes
Turn   | Place    | Note
-------+----------+-------------------------------------------
     0 | D:1      | Nattfarinn the Mountain Dwarf Fire Elementalist began the
                  | quest for the Orb.
     0 | D:1      | Reached XP level 1. HP: 14/14 MP: 3/3
   466 | D:1      | Reached skill level 4 in Fire Magic
   573 | D:1      | Reached XP level 2. HP: 18/20 MP: 1/5
  1080 | D:2      | Noticed Jessica
  1086 | D:2      | Killed Jessica
  1087 | D:2      | Reached XP level 3. HP: 26/26 MP: 0/6
  1484 | D:2      | Reached skill level 5 in Fire Magic
  2313 | D:3      | Reached XP level 4. HP: 33/33 MP: 0/7
  2387 | D:3      | Found a sparkling altar of Nemelex Xobeh.
  3644 | D:4      | Reached skill level 6 in Fire Magic
  3644 | D:4      | Reached XP level 5. HP: 38/38 MP: 1/9
  3661 | D:4      | HP: 1/38 [gnoll/+0 whip of electrocution (7)]
  3662 | D:4      | Slain by a gnoll

Illustrated notes

Levels and vault maps discovered:
D:1:      dpeg_arrival_circle_labyrinth_a, layout_loops_ring,
          chequers_serial_rivers_micro_b
D:2:      layout_basic, kennysheep_potato, uniq_jessica
D:3:      layout_basic, nemelex_spade_bored_becter
D:4:      layout_loops_cross, chequers_ossuary_entry_cave, dreamdust_gnoll_farm,
          uniq_menkaure, uniq_pikel, uniq_edmund

Skill      XL: |  1  2  3  4 |
---------------+-------------+-----
Fire Magic     | 4 5 6 |  6.1
Spellcasting   | 2 |  2.9
Dodging        | |  1.3
Stealth        | |  1.4
Conjurations   | |  0.8

Action                     |  1- 3 |  4- 6 || total
---------------------------+-------+-------++-------
  Melee: Unarmed           |    24 |    10 ||    34
   Cast: Foxfire           |    68 |    65 ||   133
    Use: Scroll            |       |     3 ||     3
 Armour: Robe              |    28 |    31 ||    59
  Dodge: Dodged            |    41 |    28 ||    69

Table legend: (Time is in decaauts)
 A = Elapsed time spent in this place.
 B = Non-inter-level travel time spent in this place.
 C = Inter-level travel time spent in this place.
 D = Time resting spent in this place.
 E = Time spent auto-exploring this place.
 F = Levels seen in this place.
 G = Mean time per level.
                   A        B        C        D        E       F      G
               +--------+--------+--------+--------+--------+-----+--------+
         Total |   3662 |   3599 |     63 |      4 |   3204 |   4 |  915.5 |
       Dungeon |   3662 |   3599 |     63 |      4 |   3204 |   4 |  915.5 |
               +--------+--------+--------+--------+--------+-----+--------+

Top non-repeatable levels by time:
     D:3: 1368 daAuts
     D:1: 1068 daAuts
     D:2: 1038 daAuts
     D:4: 186 daAuts
